 Dungeon Crawl Stone Soup version 0.28.0-53-g5a82cb258f (webtiles) character file.

Game seed: 18294508965920733629

73605 MordorOrchid the Eclecticist (level 15, -10/104 HPs)
             Began as a Djinni Conjurer on July 3, 2022.
             Was the Champion of Makhleb.
             Mangled by a vampire knight
             ... wielding a +0 bardiche
              (18 damage)
             ... on level 13 of the Dungeon.
             The game lasted 01:46:19 (16612 turns).

MordorOrchid the Eclecticist (Djinni Conjurer)     Turns: 16612, Time: 01:46:19

Health: -10/104    AC: 15    Str: 15    XL:     15   Next: 90%
Gold:   1467       EV: 14    Int: 28    God:    Makhleb [******] SH:  0 Dex: 15

rFire   + + +      SeeInvis .   a - +9 scimitar (elec)
rCold   x . .      Faith    .   (no shield)
rNeg    . . .      Spirit   .   J - +6 ring mail of the Spider Nest {Str+3}
rPois   ∞          Reflect  .   k - +2 helmet
rElec   +          Harm     .   o - scarf {+Inv}
rCorr   +          Rampage  .   (no gloves)
Will    +....                   (boots unavailable)
Stlth   +++.......              b - amulet of regeneration
HPRegen 1.07/turn               u - ring "Xaiggigh" {rElec rF+ rCorr Stlth+}
MPRegen 0.00/turn               R - ring of Asontowilu {Str+6 Dex+4}

@: flying
A: sickness immunity, fire resistance 2, cold vulnerability 1, float, innate
caster, HP casting, extra vitality 1
a: Renounce Religion, Evoke Invisibility, Minor Destruction, Lesser Servant of
Makhleb, Major Destruction, Greater Servant of Makhleb


You were on level 13 of the Dungeon.
You worshipped Makhleb.
Makhleb was exalted by your worship.
You visited 3 branches of the dungeon, and saw 20 of its levels.
You also visited: Bailey and Gauntlet.

You collected 1467 gold pieces.

Inventory:

Hand Weapons
 a - a +9 scimitar of electrocution (weapon)
 y - a +6 dagger of venom
 B - a +4 rapier
Missiles
 d - 34 poisoned darts (quivered)
 f - 22 javelins
 l - 3 boomerangs of dispersal
 v - 17 boomerangs
Armour
 g - a +2 robe of cold resistance
 k - a +2 helmet (worn)
 o - a scarf of invisibility (worn)
 r - the +2 leather armour "Gener" {Will++}
   (You found it on level 11 of the Dungeon)

   Will:      It greatly increases your willpower.
 s - a +2 robe of willpower
 J - the +6 ring mail of the Spider Nest (worn) {Str+3}
   (You found it on level 8 of the Dungeon)

   Str:       It affects your strength (+3).
 K - a +0 cloak
Magical Staves
 G - a staff of cold
Jewellery
 b - an amulet of regeneration (around neck)
 m - an amulet of reflection
 u - the ring "Xaiggigh" (left hand) {rElec rF+ rCorr Stlth+}
   (You found it in a Gauntlet)

   [ring of protection from fire]

   rF:        It protects you from fire.
   rElec:     It insulates you from electricity.
   rCorr:     It protects you from acid and corrosion.
   Stlth:     It makes you more stealthy.
 R - the ring of Asontowilu (right hand) {Str+6 Dex+4}
   (You found it on level 11 of the Dungeon)

   [ring of strength]

   Str:       It affects your strength (+6).
   Dex:       It affects your dexterity (+4).
 T - a ring of ice
 Y - a ring of see invisible
Wands
 j - a wand of polymorph (6)
 p - a wand of paralysis (21)
 x - a wand of iceblast (21)
 P - a wand of digging (13)
Scrolls
 c - a scroll of magic mapping
 i - 4 scrolls of fog
 n - a scroll of brand weapon {unknown}
 q - 9 scrolls of teleportation
 w - a scroll of vulnerability {unknown}
 D - a scroll of noise
 F - a scroll of enchant armour
 I - a scroll of torment {unknown}
 M - 3 scrolls of fear
 U - a scroll of acquirement {unknown}
 W - 2 scrolls of immolation
 X - a scroll of blinking
Potions
 e - a potion of cancellation {unknown}
 h - 2 potions of heal wounds
 z - 4 potions of might
 A - 4 potions of mutation
 C - 2 potions of degeneration {unknown}
 E - 4 potions of curing
 H - 2 potions of lignification
 L - 2 potions of invisibility {unknown}
 O - 4 potions of haste
 Q - 2 potions of brilliance
 S - a potion of attraction {unknown}
Miscellaneous
 t - a phial of floods
 N - a phantom mirror
 V - a lightning rod (4/4)
 Z - a piece from Xom's chessboard (15/15)


   Skills:
 * Level 8.9 Fighting
 - Level 3.4(4.9) Short Blades
 - Level 5.4(6.0) Long Blades
 * Level 5.1 Throwing
 - Level 6.6 Armour
 - Level 8.0 Dodging
 - Level 3.0 Stealth
 * Level 16.7 Spellcasting
 * Level 8.0 Invocations
 - Level 6.0 Evocations


You had 9 spell levels left.
You knew the following spells:

 Your Spells              Type           Power      Damage    Failure   Level
a - Magic Dart            Conj           100%       1d8       0%          1
b - Searing Ray           Conj           100%       2d8       0%          2
c - Dazzling Flash        Conj/Hex       100%       N/A       0%          3
d - Corpse Rot            Necr/Air       100%       N/A       0%          2
e - Sticky Flame          Conj/Fire      87%        2d10      1%          4
f - Summon Small Mammal   Summ           100%       N/A       0%          1
i - Iskenderun's Mystic   Conj/Tloc      87%        2d17      1%          4
r - Hailstorm             Conj/Ice       87%        3d17      1%          4
s - Summon Mana Viper     Hex/Summ       87%        N/A       1%          5
x - Blink                 Tloc           100%       N/A       0%          2
J - Fulminant Prism       Conj/Hex       43%        3d20      1%          4
R - Starburst             Conj/Fire      43%        6d12      1%          6
Your spell library was empty.

Dungeon Overview and Level Annotations

Branches:
Dungeon (13/15)            Temple (1/1) D:6            Lair (6/6) D:10
 Shoals (0/4) Lair:4       Spider (0/4) Lair:3        Slime (0/5) Lair:5
    Orc (0/2) D:10         Bailey (visited)         Gauntlet (visited)
 Vaults: D:13-14

Altars:
Ashenzari
Cheibriados
Dithmenos
Elyvilon
Fedhas
Gozag
Hepliaklqana
Kikubaaqudgha
Makhleb
Nemelex Xobeh
Okawaru
Qazlal
Ru
Sif Muna
Trog
Uskayaw
Vehumet
Wu Jian
Xom
Yredelemnul
Zin
The Shining One

Shops:
D:2 *   D:6 *   D:8 [   D:9 (   D:10 (   D:12 [

Annotations:
D:4 2 transporters, Revguard's ghost, weakling DsGl


Innate Abilities, Weirdness & Mutations

You are immune to sickness and miasma.
You are immune to poison.
Your flesh is very heat resistant. (rF++)
You are vulnerable to cold. (rC-)
You float through the air rather than walking.
You learn spells naturally, not from books.
Your magical power is your life essence.
You have superior vitality. (+4 MHP)


Message History

* * * LOW HITPOINT WARNING * * *
A fulminant prism comes into view.
Your fulminant prism crackles loudly.
Something hits your fulminant prism!!
Your fulminant prism explodes!
The blast of energy engulfs something.
Unknown command.
Casting: Fulminant Prism (safe; 1% risk of failure)
Confirm with . or Enter, or press ? or * to list all spells.
Aiming: Fulminant Prism (safe; 1% risk of failure)
Press: ? - help, Dir - move target You conjure a prism of explosive energy!
* * * LOW HITPOINT WARNING * * *
A fulminant prism comes into view.
Your fulminant prism crackles loudly.
Your fulminant prism explodes!
The blast of energy engulfs something!!
There is an open door here.
You reach down and close the door.
Something unseen opens the door.
Found 9 gold pieces.
Something hits you!
* * * LOW HITPOINT WARNING * * *
Casting: Fulminant Prism (safe; 1% risk of failure)
Confirm with . or Enter, or press ? or * to list all spells.
You can't see any susceptible monsters within range! (Use Z to cast anyway.)
Casting: Fulminant Prism (safe; 1% risk of failure)
Confirm with . or Enter, or press ? or * to list all spells.
Casting: Starburst (dangerous; 1% risk of failure)
Press: ? - help, Dir - look around, f - activate
* * * LOW HITPOINT WARNING * * *
Something hits you!
* * * LOW HITPOINT WARNING * * *
Aiming: Iceblast
Press: ? - help, Shift-Dir - straight line, f - you The mass of ice explodes!
The iceblast engulfs something!
Something hits you but does no damage. Something barely misses you.
Aiming: Iceblast
Press: ? - help, Shift-Dir - straight line, f - you The mass of ice explodes!
The iceblast engulfs something!
Something hits you!!
You die...

.#)# #..
)))####'#####
{#))........#
).))........# #####
##..........####...#
#.(........#....#
.'..........#.##{#
##..........'.##.#
#..........####@#
#..........# #.#
########'### #.. #.#
###. #. .$ #. #. .#
#


There were no monsters in sight!

Vanquished Creatures
  Rupert (D:13)
  A minotaur (Gauntlet)
  6 hydras
  2 vault guards (Bailey)
  The ghost of Ynlikk the Destroyer, a journeyman TeFE of the Shining One (Lair:3)
  A boulder beetle (Lair:5)
  3 two-headed ogres
  6 death yaks
  Urug (D:13)
  The ghost of ciphuk the Brawler, a novice TrMo of Ru (D:12)
  4 skeletal warriors (D:11)
  A goliath frog (Lair:6)
  2 ugly things (D:12)
  A wolf spider (Lair:4)
  4 deep elf pyromancers (D:12)
  2 wizards
  4 oklob plants
  2 manticores (D:12)
  3 large abominations (Gauntlet)
  7 black mambas
  15 elephants
  17 cane toads
  An unseen horror (D:9)
  3 torpor snails
  Maggie (D:6)
  2 rime drakes
  9 komodo dragons
  3 polar bears
  2 hornets (Gauntlet)
  2 trolls
  Prince Ribbit (Bailey)
  26 blink frogs
  18 dream sheep
  7 tyrant leeches
  8 slime creatures
  A snapping turtle (Lair:4)
  Sigmund (D:3)
  A shadow (D:10)
  A culicivora (Lair:3)
  A vampire (D:13)
  22 yaks
  2 wraiths (D:12)
  6 wyverns
  Grum (D:10)
  3 basilisks
  5 humans (Bailey)
  7 vampire mosquitoes
  3 small abominations (Gauntlet)
  A steam dragon (D:9)
  A redback (Lair:3)
  3 acid dragons
  11 water moccasins
  3 sky beasts
  17 orc warriors
  4 necrophages
  2 ogres
  15 wolves
  2 centaurs
  A phantom (D:7)
  3 kobold brigands
  A gnoll sergeant (D:7)
  20 bullfrogs
  2 scorpions
  A water moccasin zombie (D:5)
  18 killer bees
  A troll skeleton (D:9)
  5 spriggan skeletons (D:9)
  16 wights
  3 howler monkeys
  2 electric eels (Lair:2)
  6 centaur zombies
  2 hounds
  9 orc priests
  4 centaur skeletons
  Jessica (D:2)
  A bullfrog skeleton (D:7)
  4 iguanas (D:5)
  6 orc wizards
  A hound skeleton (D:5)
  2 mummies (D:11)
  A howler monkey zombie (D:11)
  Robin (D:3)
  10 gnolls
  4 adders
  2 shadow imps (Gauntlet)
  4 white imps
  An adder skeleton (D:4)
  49 orcs
  5 endoplasms
  A giant cockroach (D:1)
  9 hobgoblins
  3 quokkas
  3 ball pythons
  2 bats (D:1)
  5 frilled lizards
  19 goblins
  20 kobolds
  7 rats
  5 toadstools (D:8)
541 creatures vanquished.

Vanquished Creatures (collateral kills)
  The ghost of Cylozxuq the Spear-Bearer, a journeyman OpFi of Gozag (Lair:5)
  An elephant (Lair:5)
  A black mamba (Lair:6)
  A rime drake (Lair:6)
  A shadow (D:13)
5 creatures vanquished.

Vanquished Creatures (others)
  A sky beast (D:7)
  A bush (Lair:6)
  273 fulminant prisms
  71 fungi
  129 plants
  5 withered plants
480 creatures vanquished.

Grand Total: 1026 creatures vanquished

Notes
Turn   | Place    | Note
-------+----------+-------------------------------------------
     0 | D:1      | MordorOrchid the Djinni Conjurer began the quest for the
                  | Orb.
     0 | D:1      | Reached XP level 1. HP: 15/15 MP: 0/0
   208 | D:1      | Reached XP level 2. HP: 17/21 MP: 0/0
   783 | D:2      | Reached XP level 3. HP: 25/26 MP: 0/0
   783 | D:2      | Learned a level 1 spell: Summon Small Mammal
   785 | D:2      | Found Tostraah's General Store.
   795 | D:2      | Noticed Jessica
   797 | D:2      | Killed Jessica
   798 | D:2      | Reached skill level 1 in Armour
   798 | D:2      | Reached XP level 4. HP: 24/31 MP: 0/0
   919 | D:2      | Reached skill level 1 in Fighting
  1022 | D:2      | You are sucked into a shaft and drop 1 floor!
  1173 | D:3      | Noticed Sigmund
  1189 | D:3      | Killed Sigmund
  1190 | D:3      | Reached skill level 1 in Short Blades
  1190 | D:3      | Reached skill level 4 in Spellcasting
  1190 | D:3      | Reached XP level 5. HP: 33/38 MP: 0/0
  1190 | D:3      | Learned a level 2 spell: Blink
  1190 | D:3      | Reached XP level 6. HP: 38/43 MP: 0/0
  1730 | D:3      | Noticed Robin
  1737 | D:3      | Killed Robin
  1929 | D:3      | Noticed an ogre
  1946 | D:3      | Killed an ogre
  2029 | D:4      | Found a transporter.
  2030 | D:4      | Noticed Revguard's ghost (weakling DsGl)
  2039 | D:4      | Reached XP level 7. HP: 49/49 MP: 0/0
  2039 | D:4      | Learned a level 2 spell: Corpse Rot
  2113 | D:4      | Reached skill level 5 in Spellcasting
  2248 | D:4      | Found a transporter.
  2731 | D:5      | Entered Level 5 of the Dungeon
  3000 | D:5      | Noticed a wyvern
  3010 | D:5      | Killed a wyvern
  3011 | D:5      | Reached XP level 8. HP: 52/55 MP: 0/0
  3488 | D:6      | Reached skill level 6 in Spellcasting
  3650 | D:6      | Reached skill level 1 in Evocations
  3811 | D:6      | Reached XP level 9. HP: 57/61 MP: 0/0
  3811 | D:6      | Learned a level 4 spell: Sticky Flame
  3821 | D:6      | Noticed Maggie
  3835 | D:6      | Killed Maggie
  3879 | D:6      | Found Ecupradi's Neck Hole.
  3925 | D:6      | Found a staircase to the Ecumenical Temple.
  3931 | Temple   | Entered the Ecumenical Temple
  4209 | Temple   | Became a worshipper of Makhleb the Destroyer
  4783 | D:7      | Reached skill level 1 in Long Blades
  4783 | D:7      | Reached skill level 7 in Spellcasting
  4877 | D:7      | Reached skill level 5 in Dodging
  4918 | D:7      | Reached skill level 1 in Invocations
  5316 | D:7      | Reached * piety under Makhleb
  5317 | D:7      | Reached XP level 10. HP: 66/68 MP: 0/0
  6046 | D:8      | Identified the +6 ring mail of the Spider Nest {Str+3}
  6163 | D:8      | Found Yfeis's Armour Emporium.
  6265 | D:8      | Reached ** piety under Makhleb
  6267 | D:8      | Reached skill level 8 in Spellcasting
  6323 | D:8      | Found an ornate altar of the Wu Jian Council.
  6324 | D:8      | Found a hide-covered altar of Uskayaw.
  6527 | D:9      | Found Lebent's Antique Weapon Shop.
  6578 | D:9      | Noticed a two-headed ogre
  6587 | D:9      | Killed a two-headed ogre
  6588 | D:9      | Reached skill level 5 in Armour
  6602 | D:9      | Reached skill level 5 in Fighting
  6614 | D:9      | Found a flagged portal.
  6639 | Bailey   | Entered a bailey
  6669 | Bailey   | Reached XP level 11. HP: 56/75 MP: 0/0
  6669 | Bailey   | Learned a level 4 spell: Hailstorm
  6744 | Bailey   | Noticed Prince Ribbit
  6754 | Bailey   | Killed Prince Ribbit
  6763 | Bailey   | Noticed a vault guard
  6773 | Bailey   | Killed a vault guard
  6787 | Bailey   | Noticed a vault guard
  6804 | Bailey   | Killed a vault guard
  7260 | D:9      | Reached *** piety under Makhleb
  7372 | D:10     | Entered Level 10 of the Dungeon
  7372 | D:10     | Found a staircase to the Lair.
  7628 | D:10     | Noticed Grum
  7636 | D:10     | Killed Grum
  7637 | D:10     | Reached skill level 5 in Evocations
  7637 | D:10     | Found Qusos's Weapon Shoppe.
  7637 | D:10     | Found a staircase to the Orcish Mines.
  8044 | Lair:1   | Entered Level 1 of the Lair of Beasts
  8056 | Lair:1   | Noticed a four-headed hydra
  8067 | Lair:1   | Killed a four-headed hydra
  8068 | Lair:1   | Reached skill level 9 in Spellcasting
  8087 | Lair:1   | Found a gate leading to a gauntlet.
  8097 | Gauntlet | Entered a Gauntlet
  8097 | Gauntlet | Found a transporter.
  8107 | Gauntlet | Found a transporter.
  8115 | Gauntlet | Found a transporter.
  8117 | Gauntlet | Found a transporter.
  8120 | Gauntlet | Noticed a wizard
  8130 | Gauntlet | Found a transporter.
  8146 | Gauntlet | Found a transporter.
  8148 | Gauntlet | Noticed a sixfirhy
  8154 | Gauntlet | Found a transporter.
  8157 | Gauntlet | Noticed a sixfirhy
  8158 | Gauntlet | Noticed a sixfirhy
  8171 | Gauntlet | Found a transporter.
  8189 | Gauntlet | Noticed a sixfirhy
  8190 | Gauntlet | Found a transporter.
  8220 | Gauntlet | Found a transporter.
  8221 | Gauntlet | Noticed a large abomination
  8229 | Gauntlet | Noticed a large abomination
  8249 | Gauntlet | Noticed a large abomination
  8250 | Gauntlet | Found a transporter.
  8255 | Gauntlet | Found a transporter.
  8276 | Gauntlet | Noticed an emperor scorpion
  8276 | Gauntlet | an emperor scorpion changed into a tyrant leech
  8277 | Gauntlet | Noticed a wolf spider
  8279 | Gauntlet | Noticed a wolf spider
  8280 | Gauntlet | Found a transporter.
  8284 | Gauntlet | Noticed a spark wasp
  8284 | Gauntlet | a tyrant leech changed into a spark wasp
  8284 | Gauntlet | Noticed an ettin
  8284 | Gauntlet | a wolf spider changed into an ettin
  8285 | Gauntlet | Found a transporter.
  8285 | Gauntlet | Noticed a great orb of eyes
  8285 | Gauntlet | a spark wasp changed into a great orb of eyes
  8286 | Gauntlet | Noticed a shock serpent
  8286 | Gauntlet | a wolf spider changed into a shock serpent
  8287 | Gauntlet | Found a transporter.
  8287 | Gauntlet | Noticed an ice dragon
  8287 | Gauntlet | a great orb of eyes changed into an ice dragon
  8291 | Gauntlet | an ice dragon changed into a tyrant leech
  8296 | Gauntlet | Noticed a jorogumo
  8296 | Gauntlet | a tyrant leech changed into a jorogumo
  8297 | Gauntlet | Noticed a goliath frog
  8297 | Gauntlet | a jorogumo changed into a goliath frog
  8298 | Gauntlet | a goliath frog changed into a torpor snail
  8306 | Gauntlet | Noticed a catoblepas
  8307 | Gauntlet | Noticed a glowing orange brain
  8307 | Gauntlet | a torpor snail changed into a glowing orange brain
  8310 | Gauntlet | Found a transporter.
  8312 | Gauntlet | Noticed a shock serpent
  8312 | Gauntlet | a glowing orange brain changed into a shock serpent
  8318 | Gauntlet | a shock serpent changed into a torpor snail
  8319 | Gauntlet | Found a transporter.
  8322 | Gauntlet | Noticed a cyclops
  8322 | Gauntlet | a floating eye changed into a cyclops
  8326 | Gauntlet | Noticed an ice dragon
  8326 | Gauntlet | an ettin changed into an ice dragon
  8365 | Gauntlet | Found a transporter.
  8462 | Gauntlet | Killed a wizard
  8463 | Gauntlet | Reached XP level 12. HP: 76/81 MP: 0/0
  8584 | Gauntlet | Killed a large abomination
  8585 | Gauntlet | Reached skill level 5 in Long Blades
  8598 | Gauntlet | Identified the ring "Xaiggigh" {rElec rF+ rCorr Stlth+}
  8642 | Gauntlet | Noticed a minotaur
  8668 | Gauntlet | Killed a minotaur
  8728 | Gauntlet | Identified the +6 whip of Odghiz {flame, Str+6 Int+5 Dex-3
                  | Stlth-}
  8891 | Lair:1   | Reached skill level 5 in Invocations
  8906 | Lair:1   | Reached **** piety under Makhleb
  8972 | Lair:1   | Reached skill level 10 in Spellcasting
  8974 | Lair:1   | Reached skill level 1 in Throwing
  9428 | Lair:2   | Noticed a five-headed hydra
  9441 | Lair:2   | Killed a five-headed hydra
  9589 | Lair:2   | Reached XP level 13. HP: 86/89 MP: 0/0
  9589 | Lair:2   | Learned a level 5 spell: Summon Mana Viper
  9766 | Lair:2   | Reached skill level 11 in Spellcasting
  9768 | Lair:2   | Noticed a seven-headed hydra
  9782 | Lair:2   | Killed a seven-headed hydra
  9988 | Lair:2   | You are sucked into a shaft and drop 2 floors!
 10133 | Lair:4   | Found a staircase to the Shoals.
 10322 | Lair:3   | Reached skill level 12 in Spellcasting
 10392 | Lair:3   | Noticed a five-headed hydra
 10400 | Lair:3   | Killed a five-headed hydra
 10409 | Lair:3   | Reached ***** piety under Makhleb
 10670 | Lair:3   | Found a hole to the Spider Nest.
 10783 | Lair:3   | Found a runed translucent gate.
 10783 | Lair:3   | Found a runed translucent gate.
 10783 | Lair:3   | Found a runed translucent gate.
 10784 | Lair:3   | Noticed Ynlikk's ghost (journeyman TeFE)
 10813 | Lair:3   | Killed Ynlikk's ghost
 10814 | Lair:3   | Reached skill level 13 in Spellcasting
 12117 | Lair:4   | Reached XP level 14. HP: 69/96 MP: 0/0
 12133 | Lair:4   | Reached skill level 14 in Spellcasting
 12707 | Lair:5   | Found a runed translucent door.
 12707 | Lair:5   | Noticed Cylozxuq's ghost (journeyman OpFi)
 12722 | Lair:5   | Killed Cylozxuq's ghost
 13047 | Lair:5   | Found a staircase to the Slime Pits.
 13257 | Lair:6   | Entered Level 6 of the Lair of Beasts
 13311 | Lair:6   | Reached skill level 15 in Spellcasting
 13558 | Lair:6   | Reached ****** piety under Makhleb
 13722 | Lair:6   | Reached XP level 15. HP: 95/103 MP: 0/0
 13722 | Lair:6   | Learned a level 6 spell: Starburst
 14515 | D:11     | Identified the +2 leather armour "Gener" {Will++}
 14771 | D:11     | Identified the ring of Asontowilu {Str+6 Dex+4}
 14813 | D:11     | Reached skill level 16 in Spellcasting
 15339 | D:12     | Found Onenneip's Antique Armour Boutique.
 15401 | D:12     | Noticed ciphuk's ghost (novice TrMo)
 15433 | D:12     | Found a transporter.
 15552 | D:12     | Identified the +8 trident "Sogiulax" {spect, Dex+2}
 15897 | D:12     | Found a transporter.
 16437 | D:12     | Killed ciphuk's ghost
 16439 | D:12     | Reached skill level 5 in Throwing
 16547 | D:13     | Noticed Rupert
 16562 | D:13     | Killed Rupert
 16568 | D:13     | Noticed Urug
 16580 | D:13     | Killed Urug
 16588 | D:13     | Paralysed by a vampire knight for 4 turns
 16612 | D:13     | Mangled by a vampire knight

Illustrated notes

Levels and vault maps discovered:
D:1:      dpeg_arrival_long_road, layout_basic
D:2:      layout_loops_ring, serial_shops, nicolae_shop_hallway_plus,
          chequers_ecumenical_altar_twisty, uniq_jessica
D:3:      layout_basic, uniq_robin, uniq_sigmund
D:4:      layout_basic, gammafunk_ghost_stat_death
D:5:      layout_basic, minmay_misc_feat_tiny
D:6:      layout_basic, minmay_temple_entry_nine_rooms,
          nicolae_shop_sticking_my_neck_out, uniq_maggie
D:7:      layout_loops_corners
D:8:      layout_rooms, grunt_temple_overflow_open, serial_shops,
          nicolae_shop_behind_doors, minmay_gold_behind_fungi,
          chequers_mini_garden, minmay_checkerbox
D:9:      layout_basic, enter_bailey_5, serial_shops, shop,
          hangedman_tell_no_tales
D:10:     layout_basic, lair_entry_dummy, orc_david_3, uniq_grum
D:11:     layout_stronghold, serial_undead, serial_undead_f, serial_undead_a,
          serial_undead_b, serial_undead_e
D:12:     layout_layer_cave, gammafunk_ghost_arena, serial_shops,
          nicolae_shop_trees
D:13:     layout_roguey [special_room_orc],
          minmay_guarded_unrand_vampires_tooth, uniq_sonja, uniq_urug,
          uniq_rupert
Temple:   mainiacjoe_temple_cubbyholes
Lair:1:   layout_long_grid, gauntlet_entry_generic, st_stairs_10,
          grunt_megastairs_4, lemuel_fruit_tree
Lair:2:   layout_hall_layers, serial_bayou_lake_a, grunt_megastairs_3
Lair:3:   layout_gridlike, spider_nest_entry_funnel_web,
          ebering_ghost_rock_garden
Lair:4:   layout_loops_ring, minmay_shoals_entry_hut,
          nicolae_lair_run_with_the_wolves, grunt_megastairs_5
Lair:5:   layout_gridlike, minmay_slime_entry_oklob_enclosed,
          hellmonk_ghost_happy_afterlife, serial_bayou_shore_a
Lair:6:   minmay_lair_end_frog_pond, layout_regular_city

Skill      XL: |  1  2  3  4  5  6  7  8  9 10 11 12 13 14 15 |
---------------+----------------------------------------------+-----
Armour         | 1 2 3 4 5 6 |  6.6
Fighting       | 1 2 3 4 5 6 7 8 |  8.9
Short Blades   | 1 2 3 |  3.4
Dodging        | 3 4 5 6 7 8 |  8.0
Spellcasting   | 4 5 6 7 8 9 10 13 15 16 | 16.7
Evocations     | 1 2 4 5 6 |  6.0
Long Blades    | 1 3 4 5 |  5.4
Invocations    | 1 3 4 5 6 7 8 |  8.0
Stealth        | 2 3 |  3.0
Throwing       | 1 3 4 5 |  5.1

Action                   |  1- 3 |  4- 6 |  7- 9 | 10-12 | 13-15 || total
-------------------------+-------+-------+-------+-------+-------++-------
Melee: Dagger            |       |     3 |    12 |     7 |     1 ||    23
       Punch             |       |       |     1 |     1 |     1 ||     3
       Scimitar          |       |       |       |    66 |    88 ||   154
Throw: Dart              |       |       |     1 |       |     1 ||     2
 Cast: Magic Dart        |    37 |    39 |    51 |   104 |   109 ||   340
       Searing Ray       |     3 |     7 |    48 |    52 |    23 ||   133
       Dazzling Flash    |       |     3 |     6 |     6 |     1 ||    16
       Fulminant Prism   |       |       |    10 |    76 |   187 ||   273
       Blink             |       |       |     2 |     2 |     2 ||     6
       Sticky Flame      |       |       |     1 |    15 |    65 ||    81
       Iskenderun's Myst |       |       |       |     4 |    10 ||    14
       Hailstorm         |       |       |       |       |    12 ||    12
       Summon Mana Viper |       |       |       |       |     8 ||     8
       Starburst         |       |       |       |       |    33 ||    33
Invok: Lesser Servant of |       |       |       |     1 |       ||     1
 Abil: Evoke Invisibilit |       |       |       |     1 |     1 ||     2
Evoke: Wand              |       |       |       |     2 |     4 ||     6
  Use: Scroll            |       |       |     6 |    13 |    10 ||    29
 Stab: Sleeping          |       |     1 |       |       |       ||     1
       Invisible         |       |       |       |     3 |       ||     3
Armor: Robe              |       |     2 |    19 |     2 |       ||    23
       Ring mail         |       |       |       |    73 |    80 ||   153
Dodge: Dodged            |     1 |    11 |    49 |   118 |   137 ||   316
